 Dungeon Crawl Stone Soup version 0.19.1 (webtiles) character file.

3728 lorenzova the Thaumaturge (level 9, -9/51 HPs)
             Began as a Deep Elf Conjurer on Nov 28, 2016.
             Was an Elder of Vehumet.
             Mangled by an orc knight
             ... wielding a +0 war axe
              (13 damage)
             ... in a bailey.
             The game lasted 00:25:51 (10764 turns).

lorenzova the Thaumaturge (Deep Elf Conjurer)      Turns: 10764, Time: 00:25:53

Health: -9/51      AC:  4    Str:  5    XL:     9   Next: 92%
Magic:  0/28       EV: 15    Int: 27    God:    Vehumet [****..]
Gold:   340        SH:  0    Dex: 15    Spells: 4 memorised, 18 levels left

rFire  + . .     SeeInvis .     C - +1 halberd (venom)
rCold  + . .     Gourm    .     A - +2 robe {rC+ rF+}
rNeg   . . .     Faith    .     (shield currently unavailable)
rPois  +         Spirit   +     (no helmet)
rElec  .         Reflect  .     (no cloak)
rCorr  .         Harm     .     (no gloves)
MR     .....                    (no boots)
Stlth  ++........               s - amulet of guardian spirit
                                E - ring of poison resistance
                                x - +3 ring of intelligence

@: very slightly contaminated, invisible
A: high mp 1
a: Renounce Religion


You were in a bailey.
You worshipped Vehumet.
Vehumet was greatly pleased with you.
You were not hungry.

You visited 1 branch of the dungeon, and saw 8 of its levels.
You also visited: Ossuary and Bailey.

You collected 340 gold pieces.

Inventory:

Hand Weapons
 C - a +1 halberd of venom (weapon)
Armour
 a - a +0 robe
 A - a +2 robe of resistance (worn)
Jewellery
 s - an amulet of guardian spirit (around neck)
 x - a +3 ring of intelligence (left hand)
 E - a ring of poison resistance (right hand)
Wands
 j - a wand of slowing (24/48)
 p - a wand of lightning (6/15)
 y - a wand of iceblast (8/15)
 G - a wand of enslavement (16/24)
 H - a wand of enslavement (12/24)
Scrolls
 d - a scroll of magic mapping {unknown}
 i - 4 scrolls of teleportation {unknown}
 m - a scroll of amnesia {unknown}
 q - 2 scrolls of noise {unknown}
 w - 7 scrolls of remove curse {unknown}
 F - a scroll of enchant armour {unknown}
 J - a scroll of enchant weapon {unknown}
 K - a scroll of fog {unknown}
Potions
 e - a potion of resistance
 h - 2 potions of mutation
 n - 4 potions of curing
 o - 5 potions of lignification
 r - 2 potions of heal wounds
 t - 2 potions of magic
 u - 2 potions of flight
 v - a potion of invisibility
 z - a potion of ambrosia
 D - 2 potions of haste {unknown}
Books
 b - a book of Conjurations

   Spells                             Type                      Level
   a - Magic Dart                     Conjuration                  1
   b - Searing Ray                    Conjuration                  2
   c - Dazzling Spray                 Conjuration/Hexes            3
   d - Fulminant Prism                Conjuration/Hexes            4
   e - Iskenderun's Mystic Blast      Conjuration                  4
   f - Iskenderun's Battlesphere      Conjuration/Charms           5
 B - a book of Debilitation

   Spells                             Type                      Level
   a - Corona                         Hexes                        1
   b - Slow                           Hexes                        2
   c - Gell's Gravitas                Hexes/Translocation          3
   d - Inner Flame                    Hexes/Fire                   3
   e - Cause Fear                     Hexes                        4
   f - Leda's Liquefaction            Hexes/Earth                  4
Comestibles
 c - 9 bread rations
 f - 2 slices of pizza
 g - 7 beef jerkies
 k - 7 meat rations
 l - a royal jelly


   Skills:
 + Level 3.4 Fighting
 + Level 5.8 Dodging
 - Level 2.4 Stealth
 * Level 11.5 Spellcasting
 * Level 10.4 Conjurations
 - Level 5.1 Charms


You had 18 spell levels left.
You knew the following spells:

 Your Spells              Type           Power        Failure   Level  Hunger
a - Magic Dart            Conj           ####         1%          1    None
b - Iskenderun's Battles  Conj/Chrm      ######..     1%          5    ###....
c - Iskenderun's Mystic   Conj           ######..     1%          4    None
d - Static Discharge      Conj/Air       #####...     1%          3    None


Dungeon Overview and Level Annotations

Branches:
Dungeon (8/15)             Temple (0/1) D:5
   Lair: D:8-11

Altars:
Elyvilon
Makhleb
Nemelex Xobeh
Ru
Trog
Uskayaw
Vehumet
Xom
Zin


Innate Abilities, Weirdness & Mutations

You have an increased reservoir of magic. (+10% MP)


Message History

Press: ? - help, Shift-Dir - straight line, f/p - orc knight
Aim: an orc knight, wielding a war axe and wearing a transparent plate armour (heavily wounded)
The orb of energy hits the orc knight.
The orc knight is heavily wounded.
Your battlesphere fires!
The barrage of energy hits the orc knight.
The orc knight is severely wounded.
Your battlesphere expends the last of its energy and dissipates.
The orc knight closely misses you. The orc knight hits you with a war axe!
The orc knight hits you with a war axe!
You fade into invisibility!
You are very lightly contaminated with residual magic.
You closely miss the orc knight.
The orc knight is severely wounded.
The orc knight hits you with a war axe!!
Ouch! That really hurt!
* * * LOW HITPOINT WARNING * * *
The orc knight hits you with a war axe!
You die...

####'''####
##≈.......≈##
###≈≈.......≈≈###
'.'≈≈.......≈≈'.
###≈≈.......≈≈###
'.'≈≈.......≈≈(.'
###≈≈.......≈≈###
'.(≈≈......§≈≈(.'
###≈≈....@..≈≈###
'.'≈≈...o...≈≈'.'
###≈≈.......≈≈###
'('≈≈.......≈≈(.'
###≈≈.......≈≈###
##≈...(...≈##
####(..#### #...#
##(''##


You could see an orc knight.

Vanquished Creatures
  The ghost of Ijustatesigmund the Skirmisher, an amateur MiMo (D:4)
  5 orc warriors
  5 ogres
  2 phantoms
  A sky beast (D:6)
  2 ice beasts
  2 centaurs
  2 elf zombies (Ossuary)
  3 bullfrogs
  2 scorpions (D:5)
  A howler monkey (D:5)
  A bullfrog zombie (D:8)
  A centaur zombie (D:5)
  4 crimson imps
  A quasit (D:7)
  2 orc priests
  5 hounds
  A centaur skeleton (D:8)
  A gnoll shaman (D:7)
  9 orc wizards
  A human zombie (Ossuary)
  An iguana (D:6)
  9 worker ants
  A big kobold zombie (Ossuary)
  The ghost of dscm the Covered, a weakling GrFi (D:3)
  2 mummies (Ossuary)
  2 worker ant zombies
  14 gnolls
  10 adders
  3 shadow imps
  2 oozes
  4 adder zombies
  3 worms
  4 dart slugs
  3 leopard geckos
  19 orcs
  5 giant cockroaches
  7 goblins
  12 hobgoblins
  6 jackals
  14 kobolds
  2 quokkas
  12 bats
  2 frilled lizards
  9 hobgoblin zombies (Ossuary)
  2 jackal zombies
  12 kobold zombies (Ossuary)
  2 leopard gecko skeletons
  A leopard gecko zombie (D:5)
  6 orc zombies (Ossuary)
  9 rats
231 creatures vanquished.

Notes
Turn   | Place    | Note
-------+----------+-------------------------------------------
     0 | D:1      | lorenzova the Deep Elf Conjurer began the quest for the Orb.
     0 | D:1      | Reached XP level 1. HP: 10/10 MP: 6/6
   243 | D:1      | Reached XP level 2. HP: 15/15 MP: 6/8
   360 | D:1      | Reached skill level 5 in Conjurations
   762 | D:1      | Reached XP level 3. HP: 19/19 MP: 7/10
   846 | D:1      | Reached skill level 4 in Spellcasting
  1285 | D:2      | Reached XP level 4. HP: 24/24 MP: 0/12
  1381 | D:2      | Learned a level 4 spell: Iskenderun's Mystic Blast
  1628 | D:2      | Reached skill level 5 in Spellcasting
  1851 | D:2      | Found a burning altar of Makhleb.
  1856 | D:2      | Reached XP level 5. HP: 28/28 MP: 9/14
  2173 | D:3      | Noticed dscm's ghost (weakling GrFi)
  2344 | D:3      | Killed dscm's ghost
  2562 | D:3      | Found a radiant altar of Vehumet.
  2610 | D:3      | Became a worshipper of Vehumet
  3062 | D:4      | Noticed Ijustatesigmund's ghost (amateur MiMo)
  3282 | D:3      | Reached skill level 6 in Spellcasting
  3376 | D:4      | Noticed an orc warrior
  3377 | D:4      | Noticed an ogre
  3382 | D:4      | Killed an ogre
  3382 | D:4      | Reached XP level 6. HP: 32/32 MP: 3/17
  3513 | D:3      | Learned a level 5 spell: Iskenderun's Battlesphere
  3639 | D:4      | Reached skill level 1 in Charms
  4046 | D:4      | Reached * piety under Vehumet
  4046 | D:4      | Offered knowledge of Sting by Vehumet.
  4396 | D:4      | Reached skill level 7 in Spellcasting
  4396 | D:4      | Reached XP level 7. HP: 22/36 MP: 6/19
  4911 | D:4      | Found a bloodstained altar of Trog.
  5044 | D:5      | Entered Level 5 of the Dungeon
  6999 | D:5      | Reached skill level 8 in Spellcasting
  6999 | D:5      | Reached skill level 5 in Charms
  7191 | D:5      | Reached XP level 8. HP: 41/41 MP: 13/22
  7286 | D:5      | Found a staircase to the Ecumenical Temple.
  7420 | D:4      | Killed Ijustatesigmund's ghost
  7420 | D:4      | Reached skill level 1 in Fighting
  7568 | D:6      | Reached skill level 9 in Spellcasting
  7643 | D:6      | Found a hide-covered altar of Uskayaw.
  7645 | D:6      | Offered knowledge of Shock by Vehumet.
  7670 | D:6      | Reached ** piety under Vehumet
  7761 | D:6      | Found a sand-covered staircase.
  7806 | D:6      | Reached XP level 9. HP: 48/48 MP: 2/24
  8032 | D:6      | Found a hide-covered altar of Uskayaw.
  8181 | Ossuary  | Entered an ossuary
  8297 | Ossuary  | Offered knowledge of Throw Frost by Vehumet.
  8503 | Ossuary  | Reached skill level 10 in Spellcasting
  8506 | Ossuary  | Reached *** piety under Vehumet
  8876 | Ossuary  | Gained mutation: You have an increased reservoir of magic. (+10% MP) [potion of beneficial mutation]
  8914 | D:6      | Found a sacrificial altar of Ru.
  9544 | D:7      | Offered knowledge of Airstrike by Vehumet.
  9715 | D:7      | Reached skill level 5 in Dodging
  9906 | D:7      | Found a glowing silver altar of Zin.
  9910 | D:7      | Noticed an angel
  9953 | D:7      | Reached skill level 10 in Conjurations
 10058 | D:7      | Found a shimmering altar of Xom.
 10187 | D:7      | Found a sparkling altar of Nemelex Xobeh.
 10295 | D:8      | Reached skill level 11 in Spellcasting
 10375 | D:8      | Found a white marble altar of Elyvilon.
 10389 | D:8      | Reached **** piety under Vehumet
 10528 | D:8      | Offered knowledge of Static Discharge by Vehumet.
 10537 | D:8      | Learned a level 3 spell: Static Discharge
 10559 | D:8      | Found a flagged portal.
 10566 | Bailey   | Entered a bailey
 10747 | Bailey   | Noticed an orc knight
 10764 | Bailey   | Mangled by an orc knight

Skill      XL: |  1  2  3  4  5  6  7  8  9 |
---------------+----------------------------+-----
Conjurations   | 5 6 7 8 9 10 | 10.4
Spellcasting   | 4 5 6 7 8 9 11 | 11.5
Charms         | 2 5 |  5.1
Fighting       | 2 3 |  3.4
Dodging        | 4 5 |  5.8
Stealth        | |  2.4

Action                   |  1- 3 |  4- 6 |  7- 9 || total
-------------------------+-------+-------+-------++-------
Melee: Halberd           |       |       |    11 ||    11
 Cast: Magic Dart        |    73 |   112 |   333 ||   518
       Iskenderun's Myst |       |    19 |    48 ||    67
       Iskenderun's Batt |       |       |    35 ||    35
  Use: Scroll            |       |       |    11 ||    11
       Potion            |       |       |     2 ||     2
  Eat: Chunk             |       |     6 |    17 ||    23
       Fruit             |       |     7 |       ||     7
       Beef jerky        |       |       |     2 ||     2
       Royal jelly       |       |       |     3 ||     3
Armor: Robe              |       |       |    11 ||    11
Dodge: Dodged            |     2 |    15 |    74 ||    91
       Rpst.: Scimitar   |       |     3 |     7 ||    10
